 Dungeon Sprint DCSS version 0.20.1-1-g8b1a95d (webtiles) character file.

7 potatolord6000 the Skirmisher (level 2, -4/27 HPs)
             Began as a Hill Orc Fighter on Sept 11, 2017.
             Was a Follower of Beogh.
             Killed by nerve-wracking pain
             ... invoked by an orc priest
              (14 damage)
             ... in the Dungeon (Sprint VII: "The Pits").
             The game lasted 00:00:26 (108 turns).

potatolord6000 the Skirmisher (Hill Orc Fighter)     Turns: 108, Time: 00:00:27

Health: -4/27      AC:  7    Str: 18    XL:     2   Next: 0%
Magic:  2/2        EV:  7    Int:  8    God:    Beogh [*.....]
Gold:   0          SH:  9    Dex: 10    Spells: 1/1 levels left

rFire    . . .     SeeInvis .   a - +0 war axe
rCold    . . .     Gourm    .   c - +0 shield
rNeg     . . .     Faith    .   b - +0 scale mail
rPois    .         Spirit   .   (no helmet)
rElec    .         Reflect  .   (no cloak)
rCorr    .         Harm     .   (no gloves)
MR       .....     NoTele   +   (no boots)
Stlth    ..........             (no amulet)
Regen    0.1/turn               (no ring)
MPRegen  0.1/turn               (no ring)

@: no status effects
A: no striking features
a: Renounce Religion


You were in the Dungeon.
You worshipped Beogh.
Beogh was aware of your devotion.
You were not hungry.

You visited 1 branch

Inventory:

Hand Weapons
 a - a +0 war axe (weapon)
Armour
 b - a +0 scale mail (worn)
 c - a +0 shield (worn)
Scrolls
 k - a scroll of blinking
 m - 3 scrolls of remove curse
 n - 5 scrolls of amnesia
 o - a scroll of summoning
Potions
 d - a potion of might
 e - a potion of curing
 g - a potion of heal wounds
 h - a potion of haste
 i - 4 potions of magic
 j - 3 potions of berserk rage
 l - 2 potions of invisibility
Comestibles
 f - 8 bread rations
 p - 40 fruits
 q - 7 meat rations


   Skills:
 + Level 4.2 Fighting
 + Level 3.6 Axes
 + Level 3.8 Armour
 + Level 3.9 Shields


You had one spell level left.
You didn't know any spells.

Dungeon Overview and Level Annotations

Branches:
Dungeon (1/1)

Altars:
Ashenzari
Cheibriados
Dithmenos
Elyvilon
Fedhas
Gozag
Hepliaklqana
Kikubaaqudgha
Makhleb
Nemelex Xobeh
Okawaru
Qazlal
Ru
Sif Muna
Trog
Uskayaw
Vehumet
Xom
Yredelemnul
Zin
The Shining One
Beogh
Jiyva
Lugonu


Message History

The orc hits you from afar with a trident.
An orc comes into view. It is wielding a trident.
Unknown command.
You hit the orc priest but do no damage.
You block the orc priest's attack. The orc hits you but does no damage.
The orc priest hits you but does no damage.
A river rat comes into view.
You hit the orc priest but do no damage.
The river rat moves out of view.
The orc hits you but does no damage. The orc priest hits you with a club.
A quokka and an orc warrior come into view.
Unknown command.
You hit the orc priest but do no damage.
Unknown command.
You closely miss the orc priest.
The orc priest calls down the wrath of Beogh upon you.
Pain shoots through your body!
Ouch! That really hurt!
You die...
Beogh appreciates the orc priest's killing of a heretic priest.

#.?(.')))'.##......#.
##########.##........
#...........'........
#+#####'#####......#.
#..#†.# #........
#.†'((# ####'####
#..#### #.......#
#..# #.......# #o@#
#.......# ##r#
#...<...# ..o
#.......# #.ro.
#.......# ######
#.......# #########


You could see an orc warrior, an orc priest, a river rat, an orc and a quokka.

Vanquished Creatures
  A leopard gecko (D)
  A hobgoblin (D)
  A kobold (D)
  A ball python (D)
  A frilled lizard (D)
  A rat (D)
6 creatures vanquished.

Notes
Turn   | Place    | Note
-------+----------+-------------------------------------------
     0 | D        | potatolord6000 the Hill Orc Fighter began the quest for the Orb.
     0 | D        | Reached XP level 1. HP: 19/19 MP: 1/1
    46 | D        | Found a bloodstained altar of Trog.
    46 | D        | Found a deep blue altar of Sif Muna.
    46 | D        | Found a viscous altar of Jiyva.
    46 | D        | Found a hazy altar of Hepliaklqana.
    46 | D        | Found an opulent altar of Gozag.
    47 | D        | Found a glowing golden altar of the Shining One.
    47 | D        | Found a glowing silver altar of Zin.
    47 | D        | Found a basalt altar of Yredelemnul.
    47 | D        | Found a shimmering altar of Xom.
    47 | D        | Found a sacrificial altar of Ru.
    47 | D        | Found a stormy altar of Qazlal.
    47 | D        | Found an iron altar of Okawaru.
    47 | D        | Found a sparkling altar of Nemelex Xobeh.
    47 | D        | Found a burning altar of Makhleb.
    47 | D        | Found a blossoming altar of Fedhas.
    47 | D        | Found a white marble altar of Elyvilon.
    47 | D        | Found a shadowy altar of Dithmenos.
    47 | D        | Found a snail-covered altar of Cheibriados.
    50 | D        | Found a corrupted altar of Lugonu.
    50 | D        | Found a radiant altar of Vehumet.
    50 | D        | Found a roughly hewn altar of Beogh.
    52 | D        | Found a shattered altar of Ashenzari.
    52 | D        | Found an ancient bone altar of Kikubaaqudgha.
    52 | D        | Found a hide-covered altar of Uskayaw.
    59 | D        | Became a worshipper of Beogh the Brigand
    90 | D        | Reached * piety under Beogh
    90 | D        | Reached skill level 4 in Fighting
    96 | D        | Reached XP level 2. HP: 27/27 MP: 2/2
   107 | D        | Noticed an orc warrior
   108 | D        | Killed from afar by an orc priest

Skill      XL: |  1 |
---------------+----+-----
Axes           | 3 |  3.6
Fighting       | 4 |  4.2
Armour         | |  3.8
Shields        | |  3.9

Action                   || total
-------------------------++-------
Melee: War axe           ||    20
Armor: Scale mail        ||     8
Dodge: Dodged            ||     5
Block: Shield            ||    13
